 Dungeon Crawl Stone Soup version 0.17-a0-1650-gce8475a (webtiles) character file.

856 db47h the Conjurer (level 7, -5/53 HPs)
             Began as a Yellow Draconian Conjurer on Aug 13, 2015.
             Slain by an orc warrior
             ... wielding a +0 dire flail
              (13 damage)
             ... on level 5 of the Dungeon on Aug 14, 2015.
             The game lasted 01:18:24 (5477 turns).

db47h the Conjurer (Yellow Draconian Conjurer)      Turns: 5477, Time: 01:18:24

Health: -5/53      AC:  8    Str: 11    XL:     7   Next: 70%
Magic:  11/13      EV: 13    Int: 17    God:
Gold:   210        SH:  0    Dex: 11    Spells: 4 memorised, 5 levels left

rFire  . . .     SeeInvis .     h - +3 quarterstaff (chaos)
rCold  . . .     Clarity  .     (armour unavailable)
rNeg   + . .     SustAt   .     (no shield)
rPois  .         Gourm    .     (helmet restricted)
rElec  .         Spirit   .     q - +0 cloak
rCorr  +         Warding  +     (no gloves)
rMut   .         Stasis   .     B - +0 pair of boots
MR     .....                    J - amulet of warding
Stlth  ++........               (no ring)
                                (no ring)

@: not resistant to hostile enchantments, unstealthy
A: spit acid, acid resistance, unfitting armour, cold-blooded, AC +6
a: Spit Acid


You were on level 5 of the Dungeon.
You were not hungry.

You visited 1 branch of the dungeon, and saw 6 of its levels.

You collected 210 gold pieces.

Inventory:

Hand weapons
 a - a +2 short sword of speed
 b - a +1 dagger of draining
 d - a +1 mace of draining
 h - a +3 quarterstaff of chaos (weapon)
 s - a +0 hammer
 u - a +0 hunting sling
Missiles
 c - 14 sling bullets
 i - 21 arrows
 n - 75 stones
 o - 6 tomahawks
 w - 33 poisoned needles
 M - 34 bolts
 O - 2 throwing nets (quivered)
Armour
 q - a +0 cloak (worn)
 B - a +0 pair of boots (worn)
Jewellery
 x - an uncursed ring of invisibility {unknown}
 E - an uncursed ring of protection from magic {unknown}
 J - an amulet of warding (around neck)
Magical devices
 f - a wand of lightning (6)
 m - a wand of cold (4)
 C - a wand of magic darts (22)
Scrolls
 j - a scroll of immolation {unknown}
 l - a scroll of enchant weapon {unknown}
 p - a scroll of blinking {unknown}
 t - a scroll of magic mapping
 y - a scroll of fog
 L - a scroll of noise
Potions
 e - 2 potions of magic
 k - a potion of degeneration {unknown}
 r - a potion of mutation {unknown}
 v - 2 potions of haste
 G - a potion of curing {unknown}
 N - 3 potions of might
 P - a potion of cancellation {unknown}
Books
 z - a book of the Warp

   Spells                             Type                      Level
   a - Recall                         Summoning/Translocation      3
   b - Gell's Gravitas                Hexes/Translocation          3
   c - Force Lance                    Conjuration/Translocation    4
   d - Phase Shift                    Translocation                5
   e - Warp Weapon                    Charms/Translocation         5
   f - Summon Forest                  Summoning/Translocation      5
 D - a book of Conjurations

   Spells                             Type                      Level
   a - Magic Dart                     Conjuration                  1
   b - Searing Ray                    Conjuration                  2
   c - Dazzling Spray                 Conjuration/Hexes            3
   d - Fulminant Prism                Conjuration/Hexes            4
   e - Iskenderun's Mystic Blast      Conjuration                  4
   f - Iskenderun's Battlesphere      Conjuration/Charms           5
Comestibles
 g - a slice of pizza
 F - 2 royal jellies
 H - 5 fruits
 K - 3 bread rations


   Skills:
 + Level 1.8 Fighting
 + Level 0.6 Short Blades
 + Level 4.0 Dodging
 + Level 3.4 Stealth
 + Level 4.5 Spellcasting
 + Level 6.1 Conjurations
 + Level 1.1 Hexes


You had 5 spell levels left.
You knew the following spells:

 Your Spells              Type           Power        Failure   Level  Hunger
a - Magic Dart            Conj           ###.         1%          1    None
b - Searing Ray           Conj           ###...       1%          2    ##.....
c - Dazzling Spray        Conj/Hex       ###.....     12%         3    ###....
d - Iskenderun's Mystic   Conj           ###.....     14%         4    ####...


Dungeon Overview and Level Annotations

Branches:
Dungeon (6/15)
 Temple: D:4-7

Altars:
Ashenzari
Fedhas
Okawaru
Qazlal
Xom
Yredelemnul
Zin
The Shining One

Annotations:
D:6 Rayvis's ghost, experienced MiFi


Innate Abilities, Weirdness & Mutations

You can spit globs of acid.
You are resistant to acid.
Your golden yellow scales are hard (AC +6).
Your body does not fit into most forms of armour.
You are cold-blooded and may be slowed by cold attacks.


Message History

Something smites you! The orc warrior misses you.
The orc shouts!
An orc comes into view. It is wielding a club.
The orc shouts!
An orc comes into view. It is wielding a short sword of venom.
The orc shouts!
There is a stone staircase leading up here.
The orc hits you with a flail.
The orc warrior hits you with a dire flail!
The orc priest barely misses you.
You climb upwards.
There is a stone staircase leading down here.
The orc warrior barely misses you. The orc hits you with a flail.
The orc barely misses you.
The orc priest casts a cantrip, but nothing happens.
The orc priest calls down the wrath of Beogh upon you.
Something smites you!
* * * LOW HITPOINT WARNING * * *
The orc warrior hits you with a dire flail!
You die...

##### ####### #
#[..####.....### ##
#...##........[###.
#...##...........#.
#...####.....###...
##...# ###.### ##..
##..@.# #..# ##.
###..#.o#######.#
#.
#...###o#.>.###.#
## #.###
#......##.# ##.###
##o....##.## #....#
#.........# #..#.#
##...####.###
#..#.## #####
#...####
##.##..####
##......


You could see an orc warrior, an orc priest and an orc.

Vanquished Creatures
  Menkaure (D:5)
  An ogre (D:6)
  The ghost of braks the Conjurer, an average HECj (D:3)
  A giant frog (D:5)
  A scorpion (D:4)
  A vampire bat (D:5)
  3 hounds (D:5)
  Crazy Yiuf (D:4)
  An iguana (D:5)
  2 giant frog skeletons (D:5)
  2 worker ants (D:5)
  A hound skeleton (D:4)
  5 adders
  2 oozes (D:3)
  3 worms
  6 giant geckos
  4 orcs
  14 bats
  3 giant cockroaches
  8 hobgoblins
  5 jackals
  A ball python (D:3)
  A giant gecko skeleton (D:5)
  6 giant newts
  9 goblins
  10 kobolds
  A quokka (D:3)
  8 rats
  A fungus (D:4)
103 creatures vanquished.

Notes
Turn   | Place    | Note
--------------------------------------------------------------
     0 | D:1      | db47h the Draconian Conjurer began the quest for the Orb.
     0 | D:1      | Reached XP level 1. HP: 14/14 MP: 3/3
   322 | D:1      | Reached XP level 2. HP: 15/20 MP: 5/5
   544 | D:1      | Learned a level 2 spell: Searing Ray
  1157 | D:2      | Reached XP level 3. HP: 25/27 MP: 6/6
  1503 | D:2      | Learned a level 3 spell: Dazzling Spray
  2137 | D:3      | Reached XP level 4. HP: 31/34 MP: 3/8
  2210 | D:3      | Found a basalt altar of Yredelemnul.
  2212 | D:3      | Found a stormy altar of Qazlal.
  2747 | D:3      | Noticed braks's ghost (average HECj)
  2767 | D:3      | Killed braks's ghost
  2767 | D:3      | Reached skill level 1 in Fighting
  2767 | D:3      | Reached XP level 5. HP: 22/40 MP: 3/9
  2933 | D:3      | Learned a level 4 spell: Iskenderun's Mystic Blast
  2974 | D:3      | Reached skill level 5 in Conjurations
  3362 | D:4      | Found a shimmering altar of Xom.
  3445 | D:4      | Found an iron altar of Okawaru.
  3591 | D:4      | Noticed Crazy Yiuf
  3759 | D:4      | Found a glowing silver altar of Zin.
  3828 | D:4      | Killed Crazy Yiuf
  3828 | D:4      | Reached XP level 6. HP: 47/47 MP: 6/11
  3907 | D:5      | Entered Level 5 of the Dungeon
  4376 | D:5      | Found a shattered altar of Ashenzari.
  4395 | D:5      | Noticed Menkaure
  4402 | D:5      | Killed Menkaure
  4402 | D:5      | Your scales start taking on a golden yellow colour.
  4402 | D:5      | Reached XP level 7. HP: 52/52 MP: 5/13
  4526 | D:5      | Reached skill level 1 in Hexes
  4627 | D:5      | Found a glowing golden altar of the Shining One.
  5043 | D:6      | Reached skill level 6 in Conjurations
  5112 | D:6      | Noticed Rayvis's ghost (experienced MiFi)
  5461 | D:6      | Found a blossoming altar of Fedhas.
  5477 | D:5      | Slain by an orc warrior

Vault maps used:
D:1:      lightli_arrival_statue_moat
D:2:      first_bread
D:3:      grunt_temple_overflow_open, grunt_ministairs_11
D:4:      xom_butterflies, kennysheep_little_box, lemuel_doored_altar,
          minmay_crossroads, uniq_crazy_yiuf_cottage
D:5:      kennysheep_mini_moat, nicolae_overflow_crystal_walls, roderic_batcave,
          uniq_menkaure
D:6:      overflow_temple_1_default, temple_pool_a, nicolae_ossuary_entry_plus,
          basic_altar, serial_bayou_lake_a, uniq_pikel

Action                   |  1- 3 |  4- 6 |  7- 9 || total
-------------------------+-------+-------+-------++-------
Melee: Club              |    22 |       |       ||    22
       Dagger            |    51 |     6 |       ||    57
       Short sword       |       |    38 |       ||    38
       Quarterstaff      |       |       |    13 ||    13
 Fire: Hunting sling     |     2 |       |       ||     2
Throw: Tomahawk          |     1 |       |       ||     1
 Cast: Magic Dart        |    46 |    50 |    13 ||   109
       Searing Ray       |    12 |    14 |    10 ||    36
       Dazzling Spray    |       |     3 |       ||     3
       Iskenderun's Myst |       |       |     1 ||     1
 Abil: Spit Acid         |       |       |     6 ||     6
  Use: Scroll            |     2 |     9 |       ||    11
       Potion            |       |     2 |     1 ||     3
  Eat: Chunk             |     5 |     3 |     3 ||    11
       Meat ration       |       |     1 |       ||     1
       Pizza             |       |     1 |       ||     1
